 Dungeon Crawl Stone Soup version 0.27-a0-1140-g099f9bb0e8 (webtiles) character file.

Game seed: 15982201542810018851

6 Morbidden the Ruffian (level 1, 0/16 HPs)
             Began as a Draconian Transmuter on May 10, 2021.
             Slain by an adder (2 damage)
             ... on level 2 of the Dungeon.
             The game lasted 00:00:40 (400 turns).

Morbidden the Ruffian (Draconian Transmuter)         Turns: 400, Time: 00:00:41

Health: 0/16       AC:  4    Str: 12    XL:     1   Next: 75%
Magic:  3/3        EV: 12    Int: 13    God:
Gold:   13         SH:  0    Dex: 11    Spells: 3/4 levels left

rFire    . . .     SeeInvis .     - Unarmed
rCold    . . .     Faith    .   (no shield)
rNeg     . . .     Spirit   .   (armour unavailable)
rPois    .         Reflect  .   (helmet restricted)
rElec    .         Harm     .   (no cloak)
rCorr    .         Rampage  .   (no gloves)
Will     .....                  (no boots)
Stlth    +.........             (no amulet)
HPRegen  0.05/turn              (no ring)
MPRegen  0.08/turn              (no ring)

@: lethally poisoned (0 -> -2)
A: AC +4, unfitting armour, cold-blooded
a: no special abilities


You were on level 2 of the Dungeon.
You visited 1 branch of the dungeon, and saw 2 of its levels.

You collected 13 gold pieces.

Inventory:

Jewellery
 a - a ring of fire
Scrolls
 b - a scroll of identify {unknown}


   Skills:
 * Level 1.2 Fighting
 + Level 1.8 Dodging
 + Level 3.1 Unarmed Combat
 + Level 2.0 Spellcasting
 * Level 2.2 Transmutations


You had 3 spell levels left.
You knew the following spells:

 Your Spells              Type           Power      Damage    Failure   Level
a - Beastly Appendage     Tmut           14%        N/A       11%         1

Your spell library contained the following spells:

 Spells                   Type           Power      Damage    Failure   Level
 Wereblood                Tmut           7%         N/A       16%         2
 Spider Form              Tmut/Pois      2%         N/A       43%         3
 Ice Form                 Ice/Tmut       4%         N/A       85%         4
 Hydra Form               Tmut           3%         N/A       96%         5


Dungeon Overview and Level Annotations

Branches:
Dungeon (2/15)

Altars:


Innate Abilities, Weirdness & Mutations

Your plain brown scales are hard. (AC +4)
You cannot fit into any form of body armour.
You are cold-blooded and may be slowed by cold attacks.


Message History

The hound is lightly wounded.
Your transformation is almost over.
The hound closely misses you.
You closely miss the hound. You claw the hound, but do no damage.
The hound is lightly wounded.
The hound misses you. The hound bites you.
Unknown command.
You hit the hound but do no damage. Your kick misses the hound.
Your tail-slap misses the hound.
The hound is lightly wounded.
The hound barely misses you.
You barely miss the hound.
The hound is lightly wounded.
The hound bites you. The adder misses you. The hound barely misses you.
Unknown command.
The adder bites you but does no damage.
You closely miss the adder.
You tail-slap the adder, but do no damage.
The adder bites you.
Unknown command.
You hit the adder. Your kick misses the adder.
You headbutt the adder, but do no damage.
The adder is heavily wounded.
The adder closely misses you.
Unknown command.
Your horns disappear.
Your talons disappear.
The hound closely misses you. The adder bites you but does no damage.
The adder bites you.
You are lethally poisoned!
The adder poisons you!
* * * LOW HITPOINT WARNING * * *
You feel sick.
* * * LOW HITPOINT WARNING * * *
You feel sick.
You aren't carrying any potions.
Unknown command.
* * * LOW HITPOINT WARNING * * *
You feel sick. The adder bites you.
You die...

#.# #........#?.######
#.# #......#..........
#.# #......####.#.....
#.# #......# .# ### #.#
#......# .. ###<#
##.##### ... #...# #.h#
..## #...# ##S# ..#
#...#########@##########
#....................
#...#########.######.
#...# #.# #...# #..
#...# ##.. ##### ...
.... .....


You could see a hound and an adder.

Vanquished Creatures
  A ball python (D:1)
  An endoplasm (D:1)
  A giant cockroach (D:2)
  A hobgoblin (D:2)
  A rat (D:1)
5 creatures vanquished.

Notes
Turn   | Place    | Note
-------+----------+-------------------------------------------
     0 | D:1      | Morbidden the Draconian Transmuter began the quest for the
                  | Orb.
     0 | D:1      | Reached XP level 1. HP: 16/16 MP: 3/3
   380 | D:2      | Noticed a hound
   400 | D:2      | Slain by an adder

Illustrated notes

Levels and vault maps discovered:
D:1:      tarquinn_simple_flora_water_a, layout_basic, serial_co_window_serial,
          co_window_corner_a, co_window_corner_a, co_window_paths_a,
          co_window_paths_a, co_window_corner_a, co_window_broadway_c,
          co_window_cross_4, co_window_unsneaky_path_d,
          co_window_of_opportunity_c, co_window_corner_b, co_window_4corner_b,
          glass_columns_a, ebering_ecumenical_altar_abandoned, minivault_23,
          minmay_heptomino_l4
D:2:      layout_rooms

Action                   || total
-------------------------++-------
Melee: Unarmed           ||    24
       Headbutt          ||     4
       Kick              ||     3
       Tailslap          ||     3
 Cast: Beastly Appendage ||     4
Armor: Skin              ||    10
Dodge: Dodged            ||    23

Table legend: (Time is in decaauts)
 A = Elapsed time spent in this place.
 B = Non-inter-level travel time spent in this place.
 C = Inter-level travel time spent in this place.
 D = Time resting spent in this place.
 E = Time spent auto-exploring this place.
 F = Levels seen in this place.
 G = Mean time per level.
                   A        B        C        D        E       F      G
               +--------+--------+--------+--------+--------+-----+--------+
         Total |    399 |    399 |      0 |    179 |    131 |   2 |  199.5 |
       Dungeon |    399 |    399 |      0 |    179 |    131 |   2 |  199.5 |
               +--------+--------+--------+--------+--------+-----+--------+

Top non-repeatable levels by time:
     D:2: 242 daAuts
     D:1: 156 daAuts
